 Dungeon Sprint DCSS version 0.28-a0-1387-g3a22ab9bdc (webtiles) character file.

Game seed: 6396006520035013967

2755 mhtbhm the Bludgeoner (level 9, -41/102 HPs)
             Began as a Gargoyle Berserker on Jan 2, 2022.
             Was a High Priest of Trog.
             Annihilated by a boulder beetle (50 damage)
             ... in the Dungeon (Sprint II: "The Violet Keep of Menkaure").
             The game lasted 00:01:41 (948 turns).

mhtbhm the Bludgeoner (Gargoyle Berserker)           Turns: 948, Time: 00:01:41

Health: -41/102    AC:  9    Str: 24    XL:     9   Next: 68%
Magic:  9/9        EV: 14    Int:  9    God:    Trog [*****.]
Gold:   741        SH:  0    Dex:  9    Spells: 8/8 levels left

rFire   . . .      SeeInvis .   a - +0 mace
rCold   . . .      Faith    .   (no shield)
rNeg    + . .      Spirit   .   b - +0 animal skin
rPois   ∞          Reflect  .   (no helmet)
rElec   +          Harm     .   (no cloak)
rCorr   .          Rampage  .   (no gloves)
Will    .....      NoTele   +   (no boots)
Stlth   ..........              (no amulet)
HPRegen 0.27/turn               (no ring)
MPRegen 0.11/turn               (no ring)

@: berserking (expiring), very quick
A: sickness immunity, AC +6, negative energy resistance 1, electricity
resistance, torment resistance 1, petrification resistance
a: Renounce Religion, Berserk, Trog's Hand, Brothers in Arms


You were in the Dungeon.
You worshipped Trog.
Trog was extremely pleased with you.
You visited 1 branch You collected 741 gold pieces.

Inventory:

Hand Weapons
 a - a +0 mace (weapon)
Armour
 b - a +0 animal skin (worn)
Scrolls
 h - a scroll of blinking
Potions
 c - a potion of curing
 e - a potion of haste
 f - 2 potions of magic
 g - a potion of berserk rage


   Skills:
 + Level 13.5 Fighting
 + Level 15.1 Maces & Flails
 + Level 6.6 Armour
 + Level 7.4 Dodging
 + Level 2.6 Stealth


You had 8 spell levels left.
You didn't know any spells.
Your spell library was empty.

Dungeon Overview and Level Annotations

Branches:
Dungeon (1/1)

Altars:

Shops:
D **(![[!:(=

Annotations:
D exclusion: orange crystal statue, Roxanne


Innate Abilities, Weirdness & Mutations

You are immune to sickness and miasma.
Your stone body is resilient. (AC +6)
You are immune to poison.
You resist negative energy. (rN+)
You are resistant to electric shocks. (rElec)
You are resistant to unholy torment.
You are immune to petrification.


Message History

The boulder beetle is moderately wounded.
You sock the boulder beetle!
The boulder beetle is moderately wounded.
The boulder beetle bites you.
You hit the boulder beetle.
The boulder beetle is moderately wounded.
You sock the boulder beetle!
The boulder beetle is heavily wounded.
The boulder beetle bites you!!
You are too injured to fight recklessly!
You are too injured to fight recklessly!
You are too injured to fight recklessly!
You are too injured to fight recklessly!
You are too injured to fight recklessly!
You are too injured to fight recklessly!
You are too injured to fight recklessly!
You are too injured to fight recklessly!
You are too injured to fight recklessly!
You are too injured to fight recklessly!
You are too injured to fight recklessly!
You are too injured to fight recklessly!
You sock the boulder beetle!
The boulder beetle is severely wounded.
You hit the boulder beetle but do no damage.
The boulder beetle is severely wounded.
The boulder beetle bites you!
* * * LOW HITPOINT WARNING * * *
You hit the boulder beetle but do no damage.
The boulder beetle is severely wounded.
The boulder beetle curls into a ball and begins rolling!
You hit the boulder beetle.
The boulder beetle is severely wounded.
The boulder beetle bites you!
* * * LOW HITPOINT WARNING * * *
You hit the boulder beetle.
The boulder beetle is severely wounded.
You hit the boulder beetle but do no damage.
The boulder beetle is severely wounded.
The boulder beetle barely misses you. The boulder beetle hits you!!!
You die...

##≈≈#+++#+++##
#######≈≈≈..†......#
......#≈≈≈≈.##'##..#
.⌠....#≈≈≈≈##.#.##.#
∩.∩...#≈≈≈ #.##..# ..
.∩.∩..#≈≈#####..##
#.. ∩.∩.∩.#≈##.###'##
.##..
...∩.∩#≈##..##.##...#
. ......+≈'.##'B@B°#
.....∩#≈##..##.##..$#
▓▓▓▓###≈##.###'## .##
?######≈≈####...## #≈
##≈≈≈#..#).#≈≈≈≈
#†#≈##...##≈≈≈≈
#.#≈≈##'##≈≈≈§≈
####≈≈≈°°≈°≈≈§≈
#°''#''°#≈≈≈


You could see 2 boulder beetles.

Vanquished Creatures
  A merfolk siren (D)
  5 flying skulls (D)
  A vampire mosquito (D)
  Menkaure (D)
  A water moccasin (D)
  4 scorpions (D)
  3 worms (D)
16 creatures vanquished.

Vanquished Creatures (collateral kills)
  7 flying skulls (D)
7 creatures vanquished.

Vanquished Creatures (others)
  A water moccasin (D)
1 creature vanquished.

Grand Total: 24 creatures vanquished

Notes
Turn   | Place    | Note
-------+----------+-------------------------------------------
     0 | D        | mhtbhm the Gargoyle Berserker began the quest for the Orb.
     0 | D        | Reached XP level 1. HP: 14/14 MP: 1/1
     9 | D        | Reached XP level 2. HP: 20/20 MP: 2/2
    30 | D        | Killed a water moccasin
    71 | D        | Noticed an orange crystal statue
    77 | D        | Reached ** piety under Trog
    78 | D        | Reached skill level 4 in Maces & Flails
   114 | D        | Noticed a water moccasin
   121 | D        | Killed a water moccasin
   122 | D        | Reached skill level 6 in Maces & Flails
   122 | D        | Reached XP level 3. HP: 27/28 MP: 3/3
   122 | D        | Reached XP level 4. HP: 31/32 MP: 4/4
   122 | D        | Reached XP level 5. HP: 35/37 MP: 5/5
   218 | D        | Noticed a boulder beetle
   218 | D        | Noticed a boulder beetle
   232 | D        | Reached skill level 7 in Maces & Flails
   237 | D        | Reached skill level 8 in Maces & Flails
   237 | D        | Reached XP level 6. HP: 36/44 MP: 6/6
   246 | D        | Reached *** piety under Trog
   247 | D        | Reached skill level 9 in Maces & Flails
   249 | D        | Reached skill level 5 in Armour
   426 | D        | Noticed Menkaure
   426 | D        | Noticed a merfolk siren
   432 | D        | Killed Menkaure
   450 | D        | Killed a merfolk siren
   450 | D        | Reached **** piety under Trog
   451 | D        | Reached skill level 10 in Fighting
   451 | D        | Reached skill level 11 in Maces & Flails
   451 | D        | Reached skill level 5 in Dodging
   451 | D        | Reached skill level 1 in Stealth
   451 | D        | Reached XP level 7. HP: 32/53 MP: 7/7
   451 | D        | Noticed a flying skull
   451 | D        | Noticed a flying skull
   451 | D        | Noticed a flying skull
   451 | D        | Noticed a flying skull
   451 | D        | Noticed a flying skull
   452 | D        | Noticed a flying skull
   452 | D        | Noticed a flying skull
   463 | D        | Killed a flying skull
   463 | D        | Noticed a flying skull
   464 | D        | Reached XP level 8. HP: 60/60 MP: 8/8
   474 | D        | Killed a flying skull
   475 | D        | Reached skill level 12 in Maces & Flails
   475 | D        | Noticed a flying skull
   489 | D        | Killed a flying skull
   491 | D        | Killed a flying skull
   491 | D        | Reached ***** piety under Trog
   492 | D        | Reached skill level 13 in Maces & Flails
   499 | D        | Killed a flying skull
   499 | D        | Killed a flying skull
   500 | D        | Reached XP level 9. HP: 24/65 MP: 9/9
   502 | D        | Reached skill level 14 in Maces & Flails
   502 | D        | Received a gift from Trog
   573 | D        | Reached skill level 15 in Maces & Flails
   769 | D        | Identified Roxanne's Guide on the Mountains
   769 | D        | Noticed Roxanne
   774 | D        | Found Pomuv's Jewellery Shop.
   774 | D        | Found Ottoipas's Antique Weapon Boutique.
   776 | D        | Found Moesisch's Distillery.
   776 | D        | Found Nirehuno's Book Shop.
   778 | D        | Found Asaibrei's Antique Armour Boutique.
   778 | D        | Found Soumoide's Antique Armour Boutique.
   779 | D        | Found Bobupamergh's Antique Weapon Shop.
   814 | D        | Found Xaumygh's Distillery.
   914 | D        | Found Nutefiff's Assorted Antiques.
   914 | D        | Found Ludos's General Store.
   948 | D        | Annihilated by a boulder beetle

Illustrated notes

Levels and vault maps discovered:
D:        the_violet_keep_of_menkaure [sprint2_stairs_cluster_1,
          sprint2_shoproom, sprint2_temple, sprint2_basic_supplies,
          sprint2_obstacle_1, sprint2_obstacle_2, sprint2_obstacle_4,
          sprint2_obstacle_6, sprint2_obstacle_5, sprint2_timed_cluster_1,
          sprint2_smallroom_cluster_1, sprint2_smallroom_final_cluster_1,
          sprint2_transparent_cluster_1, sprint2_second_timed_cluster_1,
          sprint2_sniper_area_1, sprint2_heavy_combat_area_1,
          sprint2_mutation_trap_area_1, sprint2_forest_area_1,
          sprint2_light_combat_area_1, sprint2_behind_water_1,
          sprint2_near_end_vault_1]

Skill      XL: |  1  2  3  4  5  6  7  8  9 |
---------------+----------------------------+-----
Fighting       | 4 6 8 10 11 12 13 | 13.5
Maces & Flails | 6 8 11 13 15 | 15.1
Dodging        | 3 4 5 6 7 |  7.4
Armour         | 3 4 5 6 |  6.6
Stealth        | 1 2 |  2.6

Action                   |  1- 3 |  4- 6 |  7- 9 || total
-------------------------+-------+-------+-------++-------
Melee: Mace              |    14 |    48 |    92 ||   154
Invok: Berserk           |     2 |       |     3 ||     5
       Brothers in Arms  |       |       |     1 ||     1
  Use: Potion            |       |       |     1 ||     1
Armor: Animal skin       |     3 |     9 |    23 ||    35
Dodge: Dodged            |     8 |    20 |    50 ||    78

Table legend: (Time is in decaauts)
 A = Elapsed time spent in this place.
 B = Non-inter-level travel time spent in this place.
 C = Inter-level travel time spent in this place.
 D = Time resting spent in this place.
 E = Time spent auto-exploring this place.
 F = Levels seen in this place.
 G = Mean time per level.
                   A        B        C        D        E       F      G
               +--------+--------+--------+--------+--------+-----+--------+
         Total |    966 |    966 |      0 |    704 |      0 |   1 |  966.0 |
       Dungeon |    966 |    966 |      0 |    704 |      0 |   1 |  966.0 |
               +--------+--------+--------+--------+--------+-----+--------+

Top non-repeatable levels by time:
       D: 966 daAuts
